 Dungeon Crawl Stone Soup version 0.29.0-11-gd7f09526c8 (webtiles) character file.

Game seed: 17505808474780879490

43 concernfroge the Trooper (level 3, -2/29 HPs)
             Began as a Mummy Monk on Sept 4, 2022.
             Slain by a gnoll
             ... wielding a +0 halberd
              (12 damage)
             ... on level 2 of the Dungeon.
             The game lasted 00:02:56 (1304 turns).

concernfroge the Trooper (Mummy Monk)               Turns: 1304, Time: 00:02:57

Health: -2/29      AC:  9    Str: 16    XL:     3   Next: 37%
Magic:  3/3        EV:  7    Int:  9    God:
Gold:   96         SH:  0    Dex: 14    Spells: 2/2 levels left

rFire   x . .      SeeInvis +   h - +0 glaive
rCold   + . .      Faith    .   (shield currently unavailable)
rNeg    + + +      Spirit   .   i - +0 chain mail
rPois   ∞          Reflect  .   (no helmet)
rElec   .          Harm     .   (no cloak)
rCorr   .          Rampage  .   (no gloves)
Will    .....                   f - +0 pair of boots
Stlth   ..........              (no amulet)
HPRegen 0.09/turn               e - ring of see invisible
MPRegen 0.08/turn               (no ring)

@: weak-willed
A: cold resistance 1, negative energy resistance 3, torment resistance 2, heat
vulnerability 1, in touch with death 1, no potions
a: no special abilities


You were on level 2 of the Dungeon.
You visited 1 branch of the dungeon, and saw 2 of its levels.

You collected 96 gold pieces.

Inventory:

Hand Weapons
 h - a +0 glaive (weapon)
Missiles
 a - 2 throwing nets
 c - 4 poisoned darts
 k - 3 boomerangs (quivered)
Armour
 f - a +0 pair of boots (worn)
 i - a +0 chain mail (worn)
Jewellery
 e - a ring of see invisible (left hand)
Scrolls
 d - 4 scrolls of identify {unknown}


   Skills:
 - Level 3.4 Fighting
 + Level 3.4 Polearms
 - Level 2.4 Dodging
 - Level 1.5 Stealth


You had 2 spell levels left.
You didn't know any spells.
Your spell library contained the following spells:

 Spells                   Type           Power      Damage    Failure   Level
 Dazzling Flash           Conj/Hex       0%         N/A       100%        3
 Iskenderun's Mystic Bla  Conj/Tloc      0%         2d3       100%        4
 Starburst                Conj/Fire      0%         6d3       100%        6


Dungeon Overview and Level Annotations

Branches:
Dungeon (2/15)

Altars:


Innate Abilities, Weirdness & Mutations

You are immune to poison.
Your flesh is cold resistant. (rC+)
You are immune to negative energy. (rN+++)
You are immune to unholy pain and torment.
You are vulnerable to heat. (rF-)
You are in touch with the powers of death.
You do not drink.


Message History

You slash the goblin!
You kill the goblin!
An endoplasm comes into view.
Reach: h) +0 glaive
Press: ? - help, Dir - move target, f - endoplasm
Aim: an endoplasm (wandering, hasn't noticed you, about 17% to evade your +0 glaive)
You reach to attack!
The endoplasm quivers.
You hit the endoplasm.
The endoplasm is heavily wounded.
The endoplasm barely misses you.
Reach: h) +0 glaive
Press: ? - help, Dir - move target, f/p - endoplasm
Aim: an endoplasm (heavily wounded, about 17% to evade your +0 glaive)
You slash the endoplasm!
You kill the endoplasm!
You see here a +0 dagger.
There is a broken door here.
There is an open door here.
A gnoll is nearby!
The kobold throws a stone.
The stone hits you but does no damage.
There is an open door here.
You throw a boomerang. The boomerang hits the gnoll.
The gnoll is moderately wounded.
You throw a boomerang. The boomerang closely misses the gnoll.
The gnoll barely misses you.
As you read the scroll labelled WYNNIZ LESOTZ, it crumbles to dust.
Magic quickly surges around you.
It was a scroll of vulnerability.
The gnoll hits you but does no damage.
You aren't carrying any items that you can evoke.
You barely miss the gnoll.
The gnoll is moderately wounded.
The gnoll hits you with a +0 club.
You slash the gnoll!
You kill the gnoll!
The gnoll hits you from afar with a +0 halberd! x2
As you read the scroll labelled HOFELL XICWI, it crumbles to dust.
You feel aware of your surroundings.
It was a scroll of magic mapping.
The gnoll hits you from afar with a +0 halberd!
You die...

*,,,,,,,,.............,,,,,,,*
*********#............,,,*****
#.........K..,.,*
#..............,*
#..............,*
#...g.........,,*
#............,,,*
######g###.#******
#.....))@..# #.###..#####
###.....## ##...##### ##..#.#
##### #####..##'#### #...####
#............# ####......#
#............# #..)......#
#............###.##..._..#


You could see a gnoll (weak-willed).

Vanquished Creatures
  2 gnolls (D:2)
  A dart slug (D:2)
  2 endoplasms
  2 giant cockroaches (D:1)
  3 goblins
  A hobgoblin (D:2)
  A ball python (D:2)
  3 bats (D:2)
  A frilled lizard (D:2)
  3 kobolds
  3 rats (D:2)
22 creatures vanquished.

Notes
Turn   | Place    | Note
-------+----------+-------------------------------------------
     0 | D:1      | concernfroge the Mummy Monk began the quest for the Orb.
     0 | D:1      | Reached XP level 1. HP: 18/18 MP: 1/1
     6 | D:1      | Noticed a wyvern
     6 | D:1      | Noticed a hog
     6 | D:1      | Noticed a black bear
     7 | D:1      | Noticed a black mamba
   761 | D:2      | Reached XP level 2. HP: 24/24 MP: 2/2
   791 | D:2      | Identified the +0 robe of the Shining Light {rF+}
   836 | D:2      | Found a faded altar of an unknown god.
  1008 | D:2      | Gained mutation: You are in touch with the powers of death.
                  | [Mummy growth]
  1008 | D:2      | Reached XP level 3. HP: 5/29 MP: 3/3
  1304 | D:2      | Slain by a gnoll

Illustrated notes

Levels and vault maps discovered:
D:1:      onia_arrival_zoo_common, layout_basic
D:2:      layout_basic, basic_altar, hellmonk_ecumenical_altar_zigzags

Skill      XL: |  1  2 |
---------------+-------+-----
Polearms       | 3 |  3.4
Fighting       | |  3.4
Dodging        | |  2.4
Stealth        | |  1.5

Action                   || total
-------------------------++-------
Melee: Spear             ||    19
       Glaive            ||    40
Throw: Boomerang         ||     5
  Use: Scroll            ||     4
 Stab: Sleeping          ||     2
Armor: Robe              ||     4
       Chain mail        ||    11
Dodge: Dodged            ||    25
